 Dungeon Crawl Stone Soup version 0.29-a0-321-gf1c400731a (webtiles) character file.

Game seed: 15435172057188942011

384 sammy202020 the Skirmisher (level 6, -2/51 HPs)
             Began as a Demonspawn Berserker on Apr 4, 2022.
             Was a Believer of Trog.
             Slain by Edmund
             ... wielding a +3 vorpal dire flail
              (11 damage)
             ... on level 4 of the Dungeon.
             The game lasted 00:04:59 (3424 turns).

sammy202020 the Skirmisher (Demonspawn Berserker)   Turns: 3424, Time: 00:04:59

Health: -2/51      AC:  7    Str: 18    XL:     6   Next: 47%
Magic:  6/6        EV: 11    Int: 10    God:    Trog [**....]
Gold:   79         SH:  0    Dex: 12    Spells: 5/5 levels left

rFire   . . .      SeeInvis .   a - +0 hand axe
rCold   . . .      Faith    .   (no shield)
rNeg    . . .      Spirit   .   d - +0 ring mail
rPois   +          Reflect  .   (no helmet)
rElec   .          Harm     .   (no cloak)
rCorr   .          Rampage  .   (no gloves)
Will    ++...                   (no boots)
Stlth   +.........              (no amulet)
HPRegen 1.17/turn               t - ring of poison resistance
MPRegen 0.10/turn               (no ring)

@: strong-willed, on berserk cooldown, regenerating, slowed, very slow
A: thin metallic scales 1, ignite blood 1
a: Renounce Religion, Berserk, Trog's Hand


You were on level 4 of the Dungeon.
You worshipped Trog.
Trog was pleased with you.
You visited 1 branch of the dungeon, and saw 4 of its levels.

You collected 79 gold pieces.

Inventory:

Hand Weapons
 a - a +0 hand axe (weapon)
 g - a +0 arbalest
 i - a +0 flail
 s - a +0 mace
Missiles
 f - 6 poisoned darts (quivered)
 p - a throwing net
 r - 6 boomerangs
Armour
 d - a +0 ring mail (worn)
Jewellery
 t - a ring of poison resistance (left hand)
 v - a +6 ring of dexterity
Wands
 h - a wand of flame (16)
Scrolls
 c - 2 scrolls of blinking {unknown}
 l - a scroll of vulnerability {unknown}
 m - 2 scrolls of teleportation {unknown}
 n - a scroll of immolation {unknown}
 o - a scroll of torment {unknown}
 q - 2 scrolls of identify {unknown}
Potions
 b - a potion of mutation {unknown}
 e - a potion of might {unknown}
 j - a potion of brilliance {unknown}
 k - 2 potions of heal wounds {unknown}
 u - a potion of degeneration {unknown}


   Skills:
 * Level 5.1 Fighting
 * Level 4.7 Axes
 + Level 3.2 Armour
 - Level 1.7 Dodging


You had 5 spell levels left.
You didn't know any spells.
Your spell library was empty.

Dungeon Overview and Level Annotations

Branches:
Dungeon (4/15)
 Temple: D:4-7

Altars:
Wu Jian

Shops:
D:3 (

Annotations:
D:4 1 transporter, Edmund; Hubjo's ghost, amateur DsMo


Innate Abilities, Weirdness & Mutations

You are partially covered in thin metallic scales. (AC +2)
Your demonic aura sometimes causes spilled blood to erupt in flames.


Message History

The orc priest is heavily wounded.
The orc hits you but does no damage.
The orc priest hits you with a +3 vampiric dagger.
* * * LOW HITPOINT WARNING * * *
Found a club.
You barely miss the orc. x2; You barely miss the orc priest.
You miss the jackal.
The jackal bites you but does no damage.
The orc hits you with the +1 spear "Ciriarim" {vorpal, rN+}.
* * * LOW HITPOINT WARNING * * *
x2 You hear a zap.
Some rock shatters into small pieces.
The orc misses you.
The orc priest calls down the wrath of Beogh upon you.
You resist with almost no effort.
You hit the orc but do no damage. x2; You hit the orc priest.
You slash the jackal!
You kill the jackal!
Trog accepts your kill.
You slash the orc!
You kill the orc!
Trog accepts your kill.
You hit the orc.
You kill the orc!
Trog accepts your kill.
You hit the orc priest.
The orc priest hits you but does no damage.
You hit the orc priest.
You kill the orc priest!
Trog accepts your kill.
You hit the orc.
The orc is engulfed in blazing flames.
You kill the orc!
Trog accepts your kill.
Things that are here:
a +3 vampiric dagger; a +0 chain mail; an orc corpse You feel a strong urge to attack something.
You are no longer berserk.
You are exhausted.
You feel yourself slow down.
Edmund hits you with a +3 vorpal dire flail!
You die...

###...†..#:#.....##.##
#......†©#$=.©# #.#
#.......)#..#... #.#
#.......##(....#
##$#....# .#.#.$
#...)..# #.# .
###.#.)..## .
#.....°)..:.###
...##.###.@...# ...
#.@#...... ....
..)...#####
.).....#...... ...##.
##..#.## #.... #..#.#
# #....# #..# #


You could see Edmund.

Vanquished Creatures
  A scorpion (D:4)
  3 orc priests
  Terence (D:3)
  Natasha (twice) (D:3)
  4 adders
  3 gnolls (D:2)
  5 worms
  2 dart slugs
  6 orcs
  4 ball pythons
  5 bats
  10 endoplasms
  A giant cockroach (D:2)
  2 goblins (D:2)
  8 hobgoblins
  5 jackals
  A quokka (D:2)
  5 frilled lizards
  9 kobolds
  2 rats
79 creatures vanquished.

Vanquished Creatures (others)
  7 plants (D:3)
7 creatures vanquished.

Grand Total: 86 creatures vanquished

Notes
Turn   | Place    | Note
-------+----------+-------------------------------------------
     0 | D:1      | sammy202020 the Demonspawn Berserker began the quest for
                  | the Orb.
     0 | D:1      | Reached XP level 1. HP: 18/18 MP: 1/1
   430 | D:1      | Found a faded altar of an unknown god.
   437 | D:1      | Gained mutation: Your demonic aura sometimes causes spilled
                  | blood to erupt in flames. [demonic ancestry]
   437 | D:1      | Reached XP level 2. HP: 17/24 MP: 2/2
  1279 | D:2      | Reached XP level 3. HP: 14/29 MP: 3/3
  1291 | D:2      | Reached XP level 4. HP: 11/37 MP: 4/4
  1497 | D:2      | Reached skill level 4 in Fighting
  1659 | D:2      | Reached ** piety under Trog
  2203 | D:3      | Found Qackoton's Weapon Shop.
  2390 | D:3      | Noticed Terence
  2400 | D:3      | Killed Terence
  2401 | D:3      | Gained mutation: You are partially covered in thin metallic
                  | scales. (AC +2) [demonic ancestry]
  2401 | D:3      | Reached XP level 5. HP: 27/42 MP: 5/5
  2474 | D:3      | Noticed Natasha
  2484 | D:3      | Killed Natasha
  2795 | D:3      | Noticed Natasha
  2811 | D:3      | Killed Natasha
  3016 | D:3      | Found an ornate altar of the Wu Jian Council.
  3298 | D:4      | Noticed Hubjo's ghost (amateur DsMo)
  3309 | D:4      | Found a transporter.
  3328 | D:4      | Reached XP level 6. HP: 8/50 MP: 6/6
  3405 | D:4      | Identified the +1 spear "Ciriarim" {vorpal, rN+}
  3413 | D:4      | Reached skill level 5 in Fighting
  3415 | D:4      | Noticed Edmund
  3424 | D:4      | Slain by Edmund

Illustrated notes

Levels and vault maps discovered:
D:1:      enne_arrival_octagon_isle, layout_loops_corners,
          shapermc_ecumenical_altar_starsandcircs, hex_tiny
D:2:      layout_rooms
D:3:      layout_loops_cross, nicolae_wu_jian_immortal_techniques, serial_shops,
          shop_fountains, serial_bayou_crossing, uniq_natasha, uniq_terence
D:4:      layout_loops_ring, nicolae_overflow_crystal_walls,
          gammafunk_ghost_stat_death, uniq_sigmund, uniq_edmund

Skill      XL: |  1  2  3  4  5  6 |
---------------+-------------------+-----
Axes           | 3 4 |  4.7
Armour         | 2 3 |  3.2
Fighting       | 4 5 |  5.1
Dodging        | |  1.7

Action                   |  1- 3 |  4- 6 || total
-------------------------+-------+-------++-------
Melee: Hand axe          |    65 |   152 ||   217
Invok: Berserk           |     1 |     4 ||     5
       Trog's Hand       |       |     2 ||     2
 Stab: Sleeping          |     1 |       ||     1
Armor: Animal skin       |     2 |       ||     2
       Ring mail         |    20 |    59 ||    79
Dodge: Dodged            |    49 |   107 ||   156

Table legend: (Time is in decaauts)
 A = Elapsed time spent in this place.
 B = Non-inter-level travel time spent in this place.
 C = Inter-level travel time spent in this place.
 D = Time resting spent in this place.
 E = Time spent auto-exploring this place.
 F = Levels seen in this place.
 G = Mean time per level.
                   A        B        C        D        E       F      G
               +--------+--------+--------+--------+--------+-----+--------+
         Total |   3485 |   3373 |    112 |    127 |   2635 |   4 |  871.2 |
       Dungeon |   3485 |   3373 |    112 |    127 |   2635 |   4 |  871.2 |
               +--------+--------+--------+--------+--------+-----+--------+

Top non-repeatable levels by time:
     D:3: 1357 daAuts
     D:1: 1255 daAuts
     D:2: 713 daAuts
     D:4: 159 daAuts
